AoeStats
← valodinbooher

Arabia

510021850Analyzed
1v1 RM · 4d ago on Sep 29, 2026· 66m 9s· 2 players
Game mode
Random Map
Map size
Tiny (2 player)
Population
200
Speed
Normal
Resources
Standard
Victory
Conquest
Starting age
Dark Age
Ending age
Imperial Age
RankedLock teamsTeams togetherTeam positionsShared explorationLock speedFull tech treeHidden civsTurbo modeCheats
Victory
Defeat
🇨🇴 Cumans · Colombia
623
+17
🇺🇸 Burgundians · United States
636
-17
parradodj
13:40 Feudal Age
17:20 Bloodlines
18:03 Forging
17:46 Fletching
17:58 Padded Archer Armor
22:39 Horse Collar
22:49 Double-Bit Axe
28:01 Castle Age
25:58 Stone Mining
26:59 Gold Mining
28:23 Pikeman
29:21 Pikeman
30:01 Squires
32:34 Iron Casting
32:00 Scale Mail Armor
34:42 Gold Shaft Mining
34:38 Bodkin Arrow
34:59 Heavy Plow
36:01 Light Cavalry
36:30 Elite Skirmisher
38:15 Leather Archer Armor
39:14 Ballistics
40:13 Chain Mail Armor
41:17 Wheelbarrow
46:02 Hand Cart
46:10 Loom
47:46 Capped Ram
49:45 Bow Saw
52:14 Imperial Age
51:42 Steppe Husbandry
54:00 Two-Man Saw
53:45 Crop Rotation
53:20 Murder Holes
54:26 Chemistry
54:08 Conscription
53:33 Halberdier
54:35 Cuman Mercenaries
55:53 Elite Kipchak
58:39 Blast Furnace
57:46 Scale Barding Armor
66:35 Thumb Ring
valodinbooher
7:39 Double-Bit Axe
10:19 Horse Collar
12:53 Feudal Age
11:12 Loom
12:57 Feudal Age
14:49 Town Watch
17:25 Castle Age
16:21 Bow Saw
18:49 Forging
20:10 Iron Casting
22:00 Gold Mining
28:36 Scale Barding Armor
30:58 Two-Man Saw
31:25 Crossbowman
32:41 Devotion
33:07 Chain Barding Armor
32:36 Cavalier
34:07 Ballistics
36:37 Fletching
38:14 Bodkin Arrow
41:14 Imperial Age
42:30 Wheelbarrow
41:56 Town Patrol
47:03 Bracer
48:16 Gold Shaft Mining
47:32 Stone Mining
49:17 Paladin
52:43 Paladin
54:14 Capped Ram
57:33 Blast Furnace
57:09 Plate Barding Armor
59:22 Flemish Revolution
Connection lost

Rejoining the realm…

Still unreachable

The connection could not be restored.

Session expired

The server has moved on; the page needs a fresh start.